 Dungeon Crawl Stone Soup version 0.31-a0-133-gaae7365 (webtiles) character file.

Game seed: 13285895743723156795

1664836 Wizard1ke the Djinni of Death (level 27, 194/207 HPs)
             Began as a Djinni Reaver on June 1, 2023.
             Was a High Priest of Qazlal.
             Escaped with the Orb
             ... and 3 runes on June 2, 2023!
             The game lasted 05:03:55 (74748 turns).

Wizard1ke the Djinni of Death (Djinni Reaver)      Turns: 74748, Time: 05:03:56

Health: 194/207    AC: 19    Str: 13    XL:     27
Gold:   5446       EV: 11    Int: 36    God:    Qazlal [*****.] SH: 27 Dex: 11

rFire   + + +        q - staff of fire
rCold   + + +        e - +5 Storm Queen's Shield {shock, Fly rElec}
rNeg    + . .        Z - +5 ring mail of Ignis {Will+ Regen+ Str+3}
rPois   ∞            H - +2 helmet "Lymot" {rF- rC+++ Dex-3 Stlth+}
rElec   +            L - +2 cloak {Stlth+}
rCorr   +            X - +1 pair of gloves of Jungianec {rF- rC+ rN+ Str+3}
SInv    +            (boots unavailable)
Will    ++++.        M - dreamshard necklace {Acrobat *Dream}
Stlth   +            i - ring of Imor {Contam rF+++ Will+ Int+6 Stlth+}
HPRegen 1.34/turn    n - ring "Tuful" {rCorr Str-4 Int+3 SInv}
MPRegen 0.00/turn

%: repel missiles, acrobat
@: flying, studying 5 skills
A: sickness immunity, fire resistance 2, cold vulnerability 1, float, innate
caster, HP casting, extra vitality 1
0: Orb of Zot
}: 3/15 runes: decaying, serpentine, silver
a: Renounce Religion, Upheaval, Elemental Force, Disaster Area


You escaped.
You worshipped Qazlal.
Qazlal was extremely pleased with you.
You visited 11 branches of the dungeon, and saw 51 of its levels.
You visited 1 ziggurat, and saw 12 of its levels.
You also visited: Ice Cave.

You collected 11095 gold pieces.
You spent 5649 gold pieces at shops.

Inventory:

Missiles
 y - 5 curare-tipped darts
 J - 3 throwing nets
Armour
 e - the +5 Storm Queen's Shield (worn) {shock, Fly rElec}
   (You found it on level 2 of the Realm of Zot)

   Shock:     When it blocks an attack, it may electrocute the attacker.
   This works even against foes who are a short distance away.
   rElec:     It insulates you from electricity.
   Fly:       It grants you flight.
 l - a scarf of resistance
 p - a +1 robe of the Archmagi
 w - a +2 cloak
 H - the +2 helmet "Lymot" (worn) {rF- rC+++ Dex-3 Stlth+}
   (You acquired it on level 8 of the Dungeon)

   Dex:       It affects your dexterity (-3).
   rF:        It makes you vulnerable to fire.
   rC:        It renders you almost immune to cold.
   Stlth:     It makes you more stealthy.
 L - a +2 cloak of stealth (worn)
 X - the +1 pair of gloves of Jungianec (worn) {rF- rC+ rN+ Str+3}
   (You found it on level 5 of the Vaults)

   Str:       It affects your strength (+3).
   rF:        It makes you vulnerable to fire.
   rC:        It protects you from cold.
   rN:        It protects you from negative energy.
 Z - the +5 ring mail of Ignis (worn) {Will+ Regen+ Str+3}
   (You bought it in a shop on level 3 of the Snake Pit)

   Str:       It affects your strength (+3).
   Regen:     It increases your rate of health regeneration.
   Will:      It increases your willpower.
Magical Staves
 f - the staff of conjuration "Rizihuem" {rF+ Dex+4}
   (You found it on level 6 of a ziggurat)

   [staff of conjuration]

   Base accuracy: +5 Base damage: 5 Base attack delay: 1.2 This weapon's minimum
   attack delay (0.6) is reached at skill level 12.
   Dex:       It affects your dexterity (+4).
   rF:        It protects you from fire.
   It falls into the 'Staves' category.
   It is a one-handed weapon.
 q - a staff of fire (weapon)
 C - a staff of air
Jewellery
 g - the ring "Zaikuowo" {rC+ Int+6 SInv}
   (You found it on level 12 of a ziggurat)

   [ring of see invisible]

   Int:       It affects your intelligence (+6).
   rC:        It protects you from cold.
   SInv:      It lets you see invisible.
 i - the ring of Imor (left hand) {Contam rF+++ Will+ Int+6 Stlth+}
   (You bought it in a shop on level 1 of the Depths)

   [ring of willpower]

   Int:       It affects your intelligence (+6).
   rF:        It renders you almost immune to fire.
   Contam:    It causes magical contamination when unequipped.
   Will:      It increases your willpower.
   Stlth:     It makes you more stealthy.
 n - the ring "Tuful" (right hand) {rCorr Str-4 Int+3 SInv}
   (You bought it in a shop on level 2 of the Orcish Mines)

   [ring of see invisible]

   Str:       It affects your strength (-4).
   Int:       It affects your intelligence (+3).
   SInv:      It lets you see invisible.
   rCorr:     It protects you from acid and corrosion.
 D - an amulet of reflection
 M - the dreamshard necklace (around neck) {Acrobat *Dream}
   (You took it off a deep elf elementalist on level 3 of the Elven Halls)

   [amulet of the acrobat]

   *Dream:    It absorbs a single lethal wound into itself, holding its wearer
   just short of death and releasing dream-creatures to guard them.
   It increases your evasion while moving and waiting.
Wands
 a - a wand of flame (58)
 j - a wand of paralysis (101)
 m - a wand of mindburst (25)
 r - a wand of roots (24)
 E - a wand of polymorph (30)
 K - a wand of digging (6)
 P - a wand of acid (36)
Scrolls
 b - 13 scrolls of vulnerability
 c - 11 scrolls of immolation
 d - 10 scrolls of fog
 h - 22 scrolls of teleportation
 k - 4 scrolls of blinking
 o - a scroll of butterflies
 x - 4 scrolls of fear
 F - 6 scrolls of poison
 I - 9 scrolls of magic mapping
 N - a scroll of silence {!r}
 O - 5 scrolls of enchant armour
Potions
 t - 9 potions of enlightenment
 u - 6 potions of brilliance
 v - 2 potions of lignification
 z - 9 potions of curing
 B - 7 potions of attraction
 G - 13 potions of mutation
 Q - 5 potions of ambrosia
 R - a potion of cancellation
 T - 3 potions of invisibility
 U - a potion of haste
 V - 5 potions of resistance
Miscellaneous
 s - a sack of spiders
 A - a phial of floods
 W - a lightning rod (4/4)


   Skills:
 + Level 20.6 Fighting
 - Level 2.6 Long Blades
 - Level 5.0 Armour
 - Level 5.0 Dodging
 - Level 20.0 Shields
 O Level 27 Spellcasting
 O Level 27 Conjurations
 O Level 27 Hexes
   Level 0.0 Charms
 O Level 27 Summonings
 O Level 27 Necromancy
 O Level 27 Translocations
 O Level 27 Transmutations
 O Level 27 Fire Magic
 O Level 27 Ice Magic
 O Level 27 Air Magic
 O Level 27 Earth Magic
 O Level 27 Poison Magic
 O Level 27 Invocations
 + Level 7.8 Evocations


You knew the following spells:

 Your Spells              Type           Power      Damage    Failure   Level
a - Kiss of Death         Conj/Necr      100%       2d13      0%          1
b - Momentum Strike       Conj/Tloc      100%       3d10      0%          2
c - Hailstorm             Conj/Ice       100%       3d20      0%          3
d - Apportation           Tloc           100%       N/A       0%          1
e - Searing Ray           Conj           100%       2d8       0%          2
f - Ignite Poison         Fire/Tmut/Pois 100%       N/A       0%          3
g - Dispel Undead         Necr           100%       3d31      0%          4
h - Ice Form              Ice/Tmut       100%       N/A       0%          4
i - Yara's Violent Unrav  Hex/Tmut       63%        3d24      0%          5
j - Simulacrum            Ice/Necr       63%        N/A       0%          6
k - Malign Gateway        Summ/Tloc      63%        N/A       0%          7
l - Summon Hydra          Summ           63%        N/A       0%          7
m - Haunt                 Necr/Summ      63%        N/A       0%          7
n - Dragon Form           Tmut           63%        N/A       0%          7
o - Ignition              Fire           76%        3d20      1%          8
p - Shatter               Erth           63%        3d47*     1%          9
Your spell library was empty.

Dungeon Overview and Level Annotations

Branches:
Dungeon (15/15)            Temple (1/1) D:7            Lair (5/5) D:11
  Swamp (4/4) Lair:2        Snake (4/4) Lair:2        Slime (0/5) Lair:4
    Orc (2/2) D:12            Elf (3/3) Orc:2        Vaults (5/5) D:13
  Crypt (3/3) Vaults:2       Tomb (0/3) Crypt:3      Depths (4/4) D:15
    Zot (5/5) Depths:4      IceCv (visited)

Altars:
Ashenzari
Cheibriados
Dithmenos
Elyvilon
Fedhas
Gozag
Hepliaklqana
Makhleb
Nemelex Xobeh
Okawaru
Qazlal
Ru
Trog
Uskayaw
Wu Jian
Xom
Yredelemnul
Zin
The Shining One
Jiyva

Shops:
D:1 [?*   D:2 ?   D:5 (   D:8 ?   Orc:2 :([=(   Snake:3 ([*   Vaults:1 *
Depths:1 [=:=

Portals:
Hell: Depths:1 Depths:2 Depths:3 Depths:4
Abyss: Depths:3 Depths:4
Pandemonium: Depths:1 Depths:2 Depths:3
Trove: Elf:1 (give +3 ice dragon scales)

Annotations:
D:11 1 runed translucent door, exclusion: door
Lair:3 2 transporters, exclusion: oklob plant, alcopop's ghost, journeyman DjAr
Lair:5 exclusion: oklob plant, Rupert
Snake:3 exclusion: downstairs
Elf:1 1 runed translucent door, exclusion: door, Omeosel's ghost, adept GnFi
Elf:2 3 runed translucent doors
Vaults:1 2 transporters, exclusion: obsidian statue


Innate Abilities, Weirdness & Mutations

You are immune to sickness and miasma.
You are immune to poison.
Your flesh is very heat resistant. (rF++)
You are vulnerable to cold. (rC-)
You float through the air rather than walking.
You learn spells naturally, not from books.
Your magical power is your life essence.
You have superior vitality. (+4 MHP)


Message History

(P) Snake Pit (M) Slime Pits (O) Orcish Mines (E) Elven Halls (V) Vaults (C) Crypt (W) Tomb (U) Depths (H) Hell (Z) Zot
Where to? (Enter - D:1 @ (x,y), ? - help)
What level of the Dungeon? (default 1, ? - help)
You see here a bullfrog skeleton.
There is a stone staircase leading up here.
You fly upwards.
There is a stone staircase leading down here.
There is a stone staircase leading up here.
You fly upwards.
There is a stone staircase leading down here.
There is a stone staircase leading up here.
You fly upwards.
HP restored.
There is a stone staircase leading down here.
There is a stone staircase leading up here.
You fly upwards.
There is a stone staircase leading down here.
There is a fountain of clear blue water here.
There is a fountain of clear blue water here.
An Orb Guardian comes into view.
Casting: Shatter (dangerous; 1% risk of failure)
Press: ? - help, Q - select action, (/) - cycle Dir - look around, f - activate This square is covered in magical glow.
There is a cloud of thunder here.
The dungeon rumbles!
The Orb Guardian is heavily wounded.
Ka-crash!
Casting: Shatter (dangerous; 1% risk of failure)
Press: ? - help, Q - select action, (/) - cycle Dir - look around, f - activate This square is covered in magical glow.
There is a cloud of thunder here.
The dungeon rumbles!
You kill the Orb Guardian!
Qazlal accepts your kill.
Ka-crash!
There is a staircase leading out of the dungeon here.
Unknown command.
You can't go down here!
You have escaped!

#.###.####..#.##.#.#...####.#.###
#.###.###.#...........#.###.#.#
#.##...#........⌠...........#.#
..#...........⌠...⌠...#######.#
.........#..#.......## #.#
###.....####....○..## #.# #
##...## #...○§.☼#.# #.# # ##.##
####°..§.#### #.#
############...°@.......#####.#
.....#.......(.§...........##.# #
######..⌠....⌠.....⌠....⌠..##.###
# #.....⌠.......(.⌠.....#...#. #
##..⌠....##.......⌠..##..... #
##....#.##...##....###...#. #
##>.#.# ..#.####>## ##.### #
##### ###### ### #.# # #
#.#############.###


There were no monsters in sight!

Vanquished Creatures
  6 dread liches
  3 ancient liches (Zot:5)
  A juggernaut (Zot:3)
  2 orbs of fire (Zot:5)
  Parghit (Zot:2)
  2 curse toes (Zot:3)
  13 Killer Klowns
  Vashnia (Snake:2)
  4 caustic shrikes (Depths:4)
  3 golden dragons (Zot:3)
  2 Brimstone Fiends
  An electric golem (Zot:5)
  An iron giant (Zig:7)
  2 Tzitzimimeh (Zig:10)
  31 tentacled monstrosities
  2 liches (Crypt:3)
  28 Orb Guardians
  2 Ice Fiends (Zig:11)
  A shard shrike skeleton (Crypt:3)
  3 Hell Sentinels
  Asterion (Snake:4)
  A titan (Vaults:5)
  6 quicksilver dragons
  2 ancient champions
  11 death cobs
  2 eldritch tentacles
  An Executioner (Zig:10)
  5 tengu reavers
  Kirke (D:13)
  4 shadow dragons
  5 storm dragons
  8 draconian monks
  2 fire giants (Zig:5)
  5 narguns (Zig:11)
  A fire giant (shapeshifter) (Zig:12)
  A nagaraja (Snake:4)
  A frost giant (Zig:11)
  5 draconian knights
  An iron dragon (Zig:7)
  Aizul (Snake:2)
  2 deep elf sorcerers (Elf:3)
  A balrug (Zig:5)
  3 curse skulls
  17 draconian scorchers
  10 draconian shifters
  7 pandemonium lords
  3 ghost moths
  6 draconian stormcallers
  2 ironbound preservers (Vaults:5)
  2 deep elf elementalists (Elf:3)
  An orc warlord (Orc:1)
  2 demonspawn corrupters
  6 very ugly things
  A reaper (Crypt:2)
  3 war gargoyles (Crypt:3)
  4 stone giants
  2 ironbound thunderhulks
  6 draconian annihilators
  5 vampire knights
  4 deep elf demonologists
  14 green draconians
  4 grey draconians (Zot:3)
  A dire elephant (Vaults:1)
  13 black draconians
  2 wendigos (Zig:11)
  13 purple draconians
  22 yellow draconians
  18 red draconians
  10 white draconians
  A bunyip (Swamp:4)
  4 deep elf annihilators
  2 eidola
  8 jiangshi
  2 merfolk javelineers (Zig:6)
  2 iron golems (Zig:7)
  5 ettins
  5 deep elf high priests
  A blizzard demon (Zig:10)
  An entropy weaver (Zig:7)
  Fannar (Lair:3)
  7 yaktaur captains
  A hell beast (Zot:5)
  2 ice dragons (Depths:4)
  32 vault guards
  3 hydras
  2 ogre magi (D:15)
  A juggernaut simulacrum (Depths:1)
  A quicksilver dragon skeleton (Crypt:3)
  2 great orbs of eyes
  A caustic shrike simulacrum (Depths:1)
  An ironbound frostheart (Vaults:3)
  3 spriggan air magi (Depths:4)
  12 anacondas
  10 two-headed ogres
  An alligator snapping turtle (shapeshifter) (Zig:12)
  A death knight (D:14)
  A boulder beetle (D:13)
  3 ghost crabs (Depths:1)
  2 centaur warriors
  2 alligators
  A two-headed ogre (shapeshifter) (Zig:12)
  2 dancing weapons (Zig:8)
  15 naga warriors
  2 tengu warriors (D:14)
  A hell hog (Zig:5)
  17 naga sharpshooters
  4 soul eaters (Crypt:2)
  A spriggan berserker (Depths:4)
  3 shock serpents
  5 vampire magi
  19 hell knights
  6 deep elf knights
  A titan skeleton (Crypt:3)
  A storm dragon zombie (D:15)
  19 skeletal warriors
  2 storm dragon skeletons
  A shadow wraith (Crypt:3)
  A salamander mystic (Snake:4)
  An iron giant skeleton (Crypt:3)
  2 shadow demons
  A deep troll (shapeshifter) (Vaults:5)
  2 sea snakes
  2 lindwurms
  A swamp dragon (Swamp:4)
  11 flayed ghosts
  A spriggan simulacrum (Depths:2)
  4 naga ritualists
  25 phantasmal warriors
  A harpy (shapeshifter) (D:14)
  A wizard (D:12)
  4 deep elf archers
  A necromancer (D:14)
  8 orc knights
  2 tengu skeletons (Depths:1)
  8 ironbound convokers
  13 ugly things
  8 deep elf pyromancers
  9 mana vipers
  5 deep elf zephyrmancers
  A mana viper (shapeshifter) (Zig:12)
  A cyclops (shapeshifter) (Zig:4)
  2 manticores
  18 salamanders
  A faun (Zig:6)
  A stone giant skeleton (Crypt:2)
  30 black mambas
  A moth of wrath (shapeshifter) (Vaults:5)
  4 cyclopes
  23 moths of wrath
  9 naga magi (Snake:4)
  7 guardian serpents
  A vault sentinel (Vaults:5)
  An apocalypse crab (Zig:12)
  15 cane toads
  Maggie (D:7)
  6 smoke demons
  A hellion (Zig:10)
  13 yaktaurs
  A kobold demonologist (D:7)
  6 komodo dragons
  3 unseen horrors
  An iron troll zombie (Crypt:2)
  2 golden dragon simulacra
  3 tengu conjurers (D:14)
  2 nameless horrors
  An ice devil (Depths:4)
  2 elf skeletons
  3 freezing wraiths
  A hellwing (Zig:10)
  A guardian mummy (D:15)
  2 tormentors
  9 polar bears
  2 red devils (Crypt:3)
  4 trolls
  9 meliai
  A hydra zombie (Crypt:3)
  4 tyrant leeches (Lair:2)
  An ice dragon zombie (Crypt:3)
  Grinder (D:5)
  7 dream sheep (Lair:5)
  2 hornets
  12 blink frogs
  2 ettin zombies
  A blink frog (shapeshifter) (D:15)
  A death drake skeleton (Crypt:2)
  13 slime creatures
  A harpy skeleton (Crypt:3)
  A centaur simulacrum (D:15)
  9 flying skulls (Crypt:2)
  An air elemental (Zig:8)
  25 shadows
  A slime creature (shapeshifter) (Zig:4)
  6 water elementals
  2 spriggan skeletons (D:15)
  2 spriggans
  A slime creature zombie (Crypt:2)
  4 vampires (Crypt:3)
  2 black mamba zombies
  7 wyverns
  A human (D:13)
  10 wraiths
  7 basilisks
  40 yaks
  An ettin skeleton (Crypt:3)
  3 hogs (D:13)
  4 vampire mosquitoes
  2 neqoxecs
  A steam dragon (D:8)
  3 chaos spawn
  6 wargs (Orc:2)
  2 demonspawn zombies (Crypt:1)
  5 acid dragons
  40 nagas
  13 water moccasins
  A small abomination (Depths:1)
  7 hell hounds (D:15)
  A swamp drake (D:10)
  38 orc warriors
  13 black bears
  2 glowing shapeshifter skeletons
  A sky beast (D:7)
  An ice beast (D:6)
  A meliai simulacrum (D:10)
  A human zombie (Vaults:4)
  14 ogres
  13 wolves
  13 centaurs
  2 phantoms
  An elf zombie (Crypt:2)
  A vine stalker zombie (Crypt:2)
  A salamander zombie (Crypt:2)
  10 bullfrogs
  7 kobold brigands
  An earth elemental (Zig:7)
  A gnoll sergeant (D:5)
  A rime drake skeleton (Crypt:1)
  A salamander skeleton (Crypt:1)
  A komodo dragon skeleton (Crypt:2)
  8 scorpions
  A warg zombie (Crypt:2)
  10 wights
  14 killer bees
  4 howler monkeys
  13 electric eels
  A crimson imp (D:10)
  A lava snake (Snake:4)
  3 hounds
  An iron imp (D:10)
  5 jellies
  10 orc priests
  2 gnoll boudas (D:7)
  3 iguanas
  21 orc wizards
  A naga skeleton (Crypt:1)
  Robin (D:4)
  20 gnolls
  10 adders
  A shadow imp (D:10)
  9 white imps
  2 ufetubi
  A worm (D:5)
  2 dart slugs (D:2)
  86 orcs
  10 bats
  8 endoplasms
  5 giant cockroaches
  20 goblins
  7 hobgoblins
  4 jackals (D:1)
  4 quokkas
  10 ball pythons
  2 frilled lizards (D:1)
  29 kobolds
  4 rats
  A butterfly (Lair:4)
1588 creatures vanquished.

Vanquished Creatures (collateral kills)
  A dread lich (Vaults:5)
  Mara (Depths:2)
  Josephina (Depths:2)
  4 juggernauts
  Sojobo (Vaults:5)
  2 curse toes
  6 caustic shrikes (Depths:4)
  7 golden dragons
  A bone dragon (Depths:1)
  An electric golem (Zot:5)
  2 tentacled monstrosities
  4 liches
  A walking earthen tome (Depths:3)
  4 titans
  A death cob (Zot:2)
  A deep elf master archer (Elf:3)
  4 deep elf blademasters (Elf:3)
  4 tengu reavers (Vaults:5)
  5 sphinxes
  A thorn hunter (Swamp:4)
  2 eldritch tentacles
  2 ancient champions (Crypt:1)
  8 shadow dragons
  A draconian monk (Zot:5)
  11 storm dragons
  Donald (Vaults:4)
  6 frost giants
  5 nagarajas (Snake:4)
  4 deep elf sorcerers (Elf:3)
  2 orc warlords
  10 vault wardens
  4 fire giants
  5 iron dragons
  3 deep elf elementalists (Elf:3)
  A draconian stormcaller (Depths:4)
  9 ironbound preservers
  A draconian shifter (Depths:4)
  A reaper (Depths:4)
  7 war gargoyles
  16 very ugly things
  6 formless jellyfish
  11 stone giants
  A deep elf demonologist (Elf:3)
  8 ironbound thunderhulks
  3 vampire knights
  6 black draconians
  9 deep elf annihilators
  A white draconian (Depths:4)
  3 spark wasps (Depths:4)
  5 bunyips
  16 dire elephants
  4 eleionomae
  3 yellow draconians
  A red draconian (Zot:3)
  3 crystal guardians
  2 purple draconians (Depths:4)
  2 eidola (Vaults:3)
  9 ettins
  5 deep elf death magi
  A shambling mangrove (Swamp:1)
  A merfolk impaler (Depths:2)
  7 fire dragons
  3 great orbs of eyes
  10 yaktaur captains
  5 deep elf high priests (Elf:3)
  3 rakshasas
  3 vault guards
  A ghost crab (Swamp:1)
  2 salamander tyrants (Snake:4)
  2 ogre magi
  8 ice dragons
  5 peacekeepers
  17 hydras
  6 anacondas
  5 centaur warriors
  4 spriggan air magi
  2 caustic shrike simulacra (IceCv)
  A hydra (shapeshifter) (Vaults:5)
  3 boulder beetles
  5 ironbound frosthearts
  4 alligators
  2 two-headed ogres (Vaults:5)
  21 dancing weapons
  2 deep troll shamans (Depths:3)
  4 tengu warriors
  9 deep troll earth magi
  2 vampire magi
  8 naga warriors
  5 naga sharpshooters
  11 deep elf knights
  A titan skeleton (Crypt:1)
  3 hell knights
  A sun demon (Depths:4)
  A spriggan berserker (Depths:3)
  A storm dragon skeleton (Depths:3)
  2 shadow wraiths
  8 soul eaters
  7 goliath frogs
  4 spriggan druids
  2 salamander mystics (Snake:3)
  5 iron trolls
  4 sea snakes (Snake:4)
  A sixfirhy (Depths:2)
  2 skeletal warriors (Crypt:1)
  31 deep trolls
  5 glowing orange brains
  A shadow demon (Depths:3)
  4 naga ritualists (Snake:4)
  14 deep elf archers
  11 swamp dragons
  3 bog bodies
  14 ironbound convokers
  2 orange crystal statues (IceCv)
  A harpy (shapeshifter) (Elf:2)
  22 deep elf zephyrmancers
  A phantasmal warrior (Crypt:1)
  12 wizards
  30 deep elf pyromancers
  6 necromancers
  4 lindwurms
  6 orc knights
  A fire giant zombie (Vaults:2)
  A mana viper (Snake:3)
  23 ugly things
  A wolf spider (Depths:1)
  A faun (shapeshifter) (Vaults:5)
  A manticore (shapeshifter) (Depths:1)
  8 will-o-the-wisps
  3 tengu skeletons
  7 salamanders
  2 moths of wrath (Zot:2)
  2 worldbinders (Depths:1)
  A moth of wrath (shapeshifter) (Vaults:5)
  An ice statue (Snake:3)
  11 vault sentinels
  A frost giant skeleton (Vaults:4)
  4 rust devils
  3 guardian serpents (Snake:4)
  8 naga magi
  2 torpor snails (shapeshifter)
  2 smoke demons
  4 gargoyles (Crypt:3)
  An elf skeleton (Vaults:1)
  2 orange demons
  4 nameless horrors
  14 yaktaurs
  A hellion (Depths:1)
  4 anaconda simulacra (IceCv)
  4 freezing wraiths (IceCv)
  A steelbarb worm zombie (Crypt:1)
  A spark wasp simulacrum (Depths:2)
  3 tengu conjurers
  A tormentor (Depths:2)
  6 golden dragon simulacra
  2 red devils (Depths:1)
  A bloated husk (Swamp:1)
  10 tyrant leeches
  A hellwing (Depths:2)
  12 hornets
  A frost giant simulacrum (Depths:2)
  2 air elementals
  16 slime creatures
  4 water elementals
  A spriggan (shapeshifter) (Snake:3)
  14 spriggans
  A shadow (Crypt:2)
  2 basilisks (Depths:1)
  2 fire elementals
  2 dire elephant simulacra (IceCv)
  4 vampire mosquitoes
  A hog (Depths:1)
  2 neqoxecs
  A basilisk (shapeshifter) (Zot:4)
  2 small abominations (Depths:1)
  11 swamp worms
  An elf simulacrum (Vaults:2)
  A chaos spawn (Depths:3)
  13 nagas
  A naga (shapeshifter) (Vaults:1)
  A hydra simulacrum (IceCv)
  2 floating eyes
  8 swamp drakes (Swamp:4)
  A human zombie (Vaults:1)
  An ice beast (Depths:1)
  An ice beast (shapeshifter) (Depths:3)
  An orc warrior (Vaults:5)
  An alligator simulacrum (IceCv)
  An ettin simulacrum (IceCv)
  2 boggarts (Depths:1)
  3 ogres (Vaults:5)
  4 earth elementals
  A glowing shapeshifter simulacrum (Depths:2)
  An electric eel (Snake:4)
  An orc wizard (Vaults:5)
886 creatures vanquished.

Vanquished Creatures (others)
  220 eldritch tentacles
  A naga sharpshooter (Snake:4)
  2 wizards (Depths:1)
  A deep elf zephyrmancer (Elf:1)
  A will-o-the-wisp (Swamp:1)
  A hellwing (D:11)
  A human (D:13)
  2 nagas (Snake:4)
  A vampire bat (Depths:1)
  25 foxfires
255 creatures vanquished.

Grand Total: 2729 creatures vanquished

Notes
Turn   | Place    | Note
-------+----------+-------------------------------------------
     0 | D:1      | Wizard1ke the Djinni Reaver began the quest for the Orb.
     0 | D:1      | Wizard1ke set off with the following spells memorised: Kiss
                  | of Death, Momentum Strike, Hailstorm.
     0 | D:1      | Reached XP level 1. HP: 18/18 MP: 0/0
   112 | D:1      | Found a faded altar of an unknown god.
   166 | D:1      | Reached XP level 2. HP: 23/23 MP: 0/0
   423 | D:1      | Reached XP level 3. HP: 29/29 MP: 0/0
   423 | D:1      | Learned a level 1 spell: Apportation
   557 | D:1      | Found Yfiran's Armour Shoppe.
   818 | D:1      | Found Zoneompe's Magic Scroll Boutique.
   821 | D:1      | Bought a scroll of identify for 26 gold pieces
   844 | D:1      | Found Apounuisk's Assorted Antiques.
   863 | D:1      | Bought a scroll labelled HEAGOPSA PYLIM for 29 gold pieces
  1325 | D:2      | Reached XP level 4. HP: 31/34 MP: 0/0
  1906 | D:2      | Found Dopybunn's Magic Scroll Emporium.
  2017 | D:2      | Identified a scroll of acquirement
  2018 | D:2      | Acquired 1099 gold pieces
  2135 | D:1      | Bought a scroll labelled MUDWOHUFID for 29 gold pieces
  2208 | D:1      | Bought a scarf of resistance for 448 gold pieces
  2208 | D:1      | Bought a +3 leather armour of willpower for 336 gold pieces
  2295 | D:1      | Bought a scroll of vulnerability for 52 gold pieces
  2295 | D:1      | Bought a scroll of fog for 52 gold pieces
  2295 | D:1      | Bought a scroll of teleportation for 39 gold pieces
  2657 | D:2      | Reached XP level 5. HP: 36/39 MP: 0/0
  2657 | D:2      | Learned a level 2 spell: Searing Ray
  2970 | D:3      | Noticed a phantom
  2980 | D:3      | Killed a phantom
  2981 | D:3      | Reached XP level 6. HP: 24/45 MP: 0/0
  3349 | D:4      | Reached skill level 5 in Spellcasting
  3349 | D:4      | Reached skill level 5 in Conjurations
  3349 | D:4      | Reached skill level 5 in Hexes
  3349 | D:4      | Reached skill level 5 in Summonings
  3349 | D:4      | Reached skill level 5 in Necromancy
  3349 | D:4      | Reached skill level 5 in Translocations
  3349 | D:4      | Reached skill level 5 in Transmutations
  3349 | D:4      | Reached skill level 5 in Fire Magic
  3349 | D:4      | Reached skill level 5 in Ice Magic
  3349 | D:4      | Reached skill level 5 in Air Magic
  3349 | D:4      | Reached skill level 5 in Earth Magic
  3349 | D:4      | Reached skill level 5 in Poison Magic
  3424 | D:4      | Noticed Robin
  3622 | D:4      | Killed Robin
  3630 | D:4      | Reached XP level 7. HP: 22/50 MP: 0/0
  3630 | D:4      | Learned a level 3 spell: Ignite Poison
  4339 | D:5      | Entered Level 5 of the Dungeon
  4512 | D:5      | Found Zanurun's Weapon Emporium.
  4527 | D:5      | Reached XP level 8. HP: 44/58 MP: 0/0
  4531 | D:5      | Reached skill level 5 in Fighting
  4646 | D:5      | Noticed Grinder
  5011 | D:5      | Found a snail-covered altar of Cheibriados.
  5159 | D:5      | Found a sacrificial altar of Ru.
  5162 | D:5      | Found an iron altar of Okawaru.
  5404 | D:5      | Killed Grinder
  5478 | D:5      | Found a shadowy altar of Dithmenos.
  5478 | D:5      | Found an ornate altar of the Wu Jian Council.
  5586 | D:6      | Reached XP level 9. HP: 45/65 MP: 0/0
  5586 | D:6      | Learned a level 4 spell: Dispel Undead
  6769 | D:7      | Found a staircase to the Ecumenical Temple.
  6779 | Temple   | Entered the Ecumenical Temple
  6853 | Temple   | Became a worshipper of Qazlal Stormbringer
  6936 | D:7      | Found a basalt altar of Yredelemnul.
  7059 | D:7      | Noticed Maggie
  7288 | D:7      | Killed Maggie
  7377 | D:7      | Identified the +5 hand axe "Doexeq" {flame, rN+}
  7667 | D:7      | Noticed a kobold demonologist
  7670 | D:7      | Reached XP level 10. HP: 64/70 MP: 0/0
  7672 | D:7      | Killed a kobold demonologist
  7681 | D:7      | Reached skill level 10 in Spellcasting
  7681 | D:7      | Reached skill level 10 in Conjurations
  7681 | D:7      | Reached skill level 10 in Hexes
  7681 | D:7      | Reached skill level 10 in Summonings
  7681 | D:7      | Reached skill level 10 in Necromancy
  7681 | D:7      | Reached skill level 10 in Translocations
  7681 | D:7      | Reached skill level 10 in Transmutations
  7681 | D:7      | Reached skill level 10 in Fire Magic
  7681 | D:7      | Reached skill level 10 in Ice Magic
  7681 | D:7      | Reached skill level 10 in Air Magic
  7681 | D:7      | Reached skill level 10 in Earth Magic
  7681 | D:7      | Reached skill level 10 in Poison Magic
  7890 | D:7      | Reached skill level 1 in Evocations
  8213 | D:8      | Noticed a two-headed ogre
  8338 | D:8      | Reached * piety under Qazlal
  8483 | D:8      | Found Pymiv's Magic Scroll Emporium.
  8492 | D:8      | Bought a scroll of blinking for 105 gold pieces
  8492 | D:8      | Bought a scroll of magic mapping for 105 gold pieces
  8492 | D:8      | Bought a scroll of enchant armour for 105 gold pieces
  8492 | D:8      | Bought a scroll of immolation for 56 gold pieces
  8492 | D:8      | Bought a scroll of immolation for 56 gold pieces
  8529 | D:8      | Acquired the +2 helmet "Lymot" {rF- rC+++ Dex-3 Stlth+}
  9684 | D:10     | Entered Level 10 of the Dungeon
  9879 | D:8      | Reached skill level 5 in Dodging
  9941 | D:9      | Reached ** piety under Qazlal
  9945 | D:9      | Reached skill level 1 in Invocations
  9945 | D:9      | Reached XP level 11. HP: 67/78 MP: 0/0
  9945 | D:9      | Learned a level 4 spell: Ice Form
 10416 | D:10     | Reached skill level 5 in Invocations
 10529 | D:10     | Noticed a deep elf zephyrmancer
 10533 | D:10     | Noticed a deep elf pyromancer
 10535 | D:10     | Killed a deep elf pyromancer
 10670 | D:10     | Acquired a manual of Necromancy
 10681 | D:10     | Found an opulent altar of Gozag.
 11422 | D:10     | Killed a deep elf zephyrmancer
 11434 | D:10     | Identified the +0 hat of the Tarantula {+Blink Str+6 Dex+3
                  | Stlth-}
 12058 | D:11     | Noticed a cyclops
 12070 | D:11     | Killed a cyclops
 12134 | D:11     | Reached *** piety under Qazlal
 12438 | D:11     | Found a runed translucent door.
 12439 | D:11     | Noticed an orc knight
 12440 | D:11     | Noticed a storm dragon
 12544 | D:11     | Noticed a manticore
 12546 | D:11     | Found a staircase to the Lair.
 12550 | D:11     | Killed a manticore
 12551 | D:11     | Reached XP level 12. HP: 62/88 MP: 0/0
 12974 | D:11     | You are sucked into a shaft and drop 3 floors!
 12978 | D:14     | Noticed a centaur warrior
 12988 | D:14     | Killed a centaur warrior
 13720 | D:13     | Noticed a vault guard
 14107 | Lair:1   | Entered Level 1 of the Lair of Beasts
 14293 | Lair:1   | Reached skill level 1 in Shields
 14406 | Lair:1   | Reached **** piety under Qazlal
 14898 | Lair:1   | Reached skill level 10 in Fighting
 14941 | Lair:1   | Reached XP level 13. HP: 79/96 MP: 0/0
 14941 | Lair:1   | Learned a level 5 spell: Yara's Violent Unravelling
 15830 | Lair:2   | Noticed a four-headed hydra
 15836 | Lair:2   | Killed a four-headed hydra
 15951 | Lair:2   | Reached skill level 5 in Shields
 15955 | Lair:2   | Found a staircase to the Snake Pit.
 16087 | Lair:2   | Noticed a five-headed hydra
 16092 | Lair:2   | Killed a five-headed hydra
 16093 | Lair:2   | Reached skill level 10 in Invocations
 16407 | Lair:2   | Found a staircase to the Swamp.
 16898 | Lair:3   | Noticed Fannar
 17241 | Lair:3   | Found a transporter.
 17249 | Lair:3   | Found a bloodstained altar of Trog.
 17252 | Lair:3   | Noticed alcopop's ghost (journeyman DjAr)
 17259 | Lair:3   | Found a transporter.
 17345 | Lair:3   | Killed Fannar
 18163 | Lair:4   | Reached XP level 14. HP: 78/103 MP: 0/0
 18249 | Lair:4   | Reached ***** piety under Qazlal
 19021 | Lair:4   | Found a viscous altar of Jiyva.
 19021 | Lair:4   | Found a staircase to the Slime Pits.
 19282 | Lair:5   | Entered Level 5 of the Lair of Beasts
 19436 | Lair:5   | Reached skill level 5 in Evocations
 19662 | Lair:5   | Reached skill level 15 in Necromancy
 19750 | Lair:5   | Noticed Rupert
 19951 | D:12     | Found a staircase to the Orcish Mines.
 21382 | D:13     | Found a gate to the Vaults.
 21948 | Orc:1    | Entered Level 1 of the Orcish Mines
 22198 | Orc:2    | Entered Level 2 of the Orcish Mines
 22202 | Orc:2    | Noticed an orc warlord
 22222 | Orc:1    | Killed an orc warlord
 22308 | Orc:2    | Found a staircase to the Elven Halls.
 22361 | Orc:2    | Found Zauraobe's Vocational Training.
 22508 | Orc:2    | Reached XP level 15. HP: 80/107 MP: 0/0
 22508 | Orc:2    | Learned a level 6 spell: Simulacrum
 23180 | Orc:2    | Found Yrhoegit's Jewellery Emporium.
 23180 | Orc:2    | Found Eluothre's Antique Weapon Shop.
 23224 | Orc:2    | Found Niprasas's Antique Weapon Emporium.
 23224 | Orc:2    | Found Ostafeomm's Antique Armour Shop.
 23285 | Orc:2    | Bought the ring "Tuful" {rCorr Str-4 Int+3 SInv} for 433
                  | gold pieces
 23643 | Orc:2    | Found a bloodstained altar of Trog.
 24176 | D:13     | Noticed Kirke
 24186 | D:13     | Killed Kirke
 24186 | D:13     | Reached ****** piety under Qazlal
 25170 | D:14     | Found a white marble altar of Elyvilon.
 25944 | D:15     | Entered Level 15 of the Dungeon
 26632 | D:15     | Found a shadowy altar of Dithmenos.
 27029 | D:15     | Reached XP level 16. HP: 108/113 MP: 0/0
 27252 | D:15     | Reached skill level 15 in Invocations
 27276 | D:15     | Reached skill level 15 in Spellcasting
 27276 | D:15     | Reached skill level 15 in Conjurations
 27276 | D:15     | Reached skill level 15 in Hexes
 27276 | D:15     | Reached skill level 15 in Summonings
 27276 | D:15     | Reached skill level 15 in Translocations
 27276 | D:15     | Reached skill level 15 in Transmutations
 27276 | D:15     | Reached skill level 15 in Fire Magic
 27276 | D:15     | Reached skill level 15 in Ice Magic
 27276 | D:15     | Reached skill level 15 in Air Magic
 27276 | D:15     | Reached skill level 15 in Earth Magic
 27276 | D:15     | Reached skill level 15 in Poison Magic
 28142 | D:15     | Found a staircase to the Depths.
 28684 | Snake:1  | Entered Level 1 of the Snake Pit
 29972 | Snake:2  | Noticed Vashnia
 29980 | Snake:2  | Killed Vashnia
 30481 | Snake:2  | Noticed Aizul
 30498 | Snake:2  | Killed Aizul
 30849 | Snake:2  | Found a shimmering altar of Xom.
 31403 | Snake:2  | Reached XP level 17. HP: 93/121 MP: 0/0
 31403 | Snake:2  | Learned a level 7 spell: Malign Gateway
 32112 | Snake:3  | Found a frozen archway.
 32166 | IceCv    | Entered an ice cave
 32360 | IceCv    | Identified the +0 ice dragon scales "Abain" {rF- rC++ Will+
                  | Regen+ Dex+3}
 33673 | Snake:3  | Found a white marble altar of Elyvilon.
 33996 | Snake:3  | Found Qycof's Armour Emporium.
 33998 | Snake:3  | Found Wiryo's General Store.
 34007 | Snake:3  | Bought the +5 ring mail of Ignis {Will+ Regen+ Str+3} for
                  | 1005 gold pieces
 34024 | Snake:3  | Bought a potion of enlightenment for 65 gold pieces
 34024 | Snake:3  | Bought a potion of mutation for 104 gold pieces
 34029 | Snake:3  | Found Serotrij's Weapon Boutique.
 34407 | Snake:4  | Entered Level 4 of the Snake Pit
 35012 | Snake:4  | Reached skill level 10 in Shields
 35272 | Snake:4  | Reached XP level 18. HP: 117/128 MP: 0/0
 35279 | Snake:4  | Noticed Asterion
 35452 | Snake:4  | Noticed an Executioner
 35454 | Snake:4  | Killed Asterion
 35738 | Snake:4  | Reached skill level 1 in Armour
 36620 | Snake:4  | Reached skill level 5 in Armour
 37240 | Snake:4  | Got a serpentine rune of Zot
 37455 | Swamp:1  | Entered Level 1 of the Swamp
 37576 | Swamp:1  | Reached XP level 19. HP: 120/132 MP: 0/0
 37576 | Swamp:1  | Learned a level 7 spell: Summon Hydra
 38718 | Swamp:2  | Identified the +1 halberd of the Tent {protect, Drain rF-
                  | rCorr Str+8}
 38886 | Swamp:2  | Identified the ring "Mari" {rF+ Int+4 Dex+6}
 39563 | Swamp:4  | Entered Level 4 of the Swamp
 39991 | Swamp:4  | Got a decaying rune of Zot
 40518 | Vaults:1 | Entered Level 1 of the Vaults
 40539 | Vaults:1 | Reached XP level 20. HP: 100/139 MP: 0/0
 40658 | Vaults:1 | Found a transporter.
 40667 | Vaults:1 | Found a transporter.
 40867 | Vaults:1 | Found Goawyonami's Assorted Antiques.
 40873 | Vaults:1 | Bought a scroll of teleportation for 96 gold pieces
 40873 | Vaults:1 | Bought a potion of heal wounds for 160 gold pieces
 42681 | Vaults:2 | You are sucked into a shaft and drop 2 floors!
 42724 | Vaults:3 | Reached XP level 21. HP: 133/148 MP: 0/0
 42724 | Vaults:3 | Learned a level 7 spell: Haunt
 43825 | Orc:2    | Bought a manual of Invocations for 1120 gold pieces
 44192 | Vaults:2 | Found a staircase to the Crypt.
 44218 | Vaults:2 | Found a basalt altar of Yredelemnul.
 46154 | Vaults:4 | Noticed Donald
 46157 | Vaults:4 | Killed Donald
 46230 | Vaults:4 | Reached XP level 22. HP: 147/158 MP: 0/0
 46714 | Elf:1    | Entered Level 1 of the Elven Halls
 46714 | Elf:1    | Noticed Omeosel's ghost (adept GnFi)
 46714 | Elf:1    | Found a runed translucent door.
 47181 | Elf:1    | Found a portal to a secret trove of treasure.
 47235 | Elf:1    | Reached skill level 27 in Necromancy
 48448 | Elf:2    | Reached skill level 15 in Fighting
 48709 | Elf:2    | Found a runed translucent gate.
 48710 | Elf:2    | Found a runed translucent gate.
 48710 | Elf:2    | Found a runed translucent gate.
 48924 | Elf:3    | Entered Level 3 of the Elven Halls
 48926 | Elf:3    | Paralysed by an air elemental for 1 turns
 49338 | Elf:3    | Identified the +0 rapier of Guilt {venom, Str+2}
 49533 | Elf:3    | Identified the +8 great sword of the Well-Known Xenops
                  | {freeze, rC+ Str+3 Int-4 SInv}
 50010 | Elf:3    | Identified the +3 chain mail of the Ant {rN+ MP+9}
 50174 | Elf:3    | Identified the +11 orcbow of Goext {heavy, rPois rF- Will+}
 50174 | Elf:3    | Identified the +0 leather armour of Aner Xun {Contam rPois
                  | rCorr Int+5}
 50200 | Elf:3    | Reached XP level 23. HP: 135/166 MP: 0/0
 50200 | Elf:3    | Learned a level 7 spell: Dragon Form
 50713 | Elf:3    | Identified the +2 pair of gloves of Valiance {rC+ Str+4
                  | Dex-3}
 50960 | Depths:1 | Entered Level 1 of the Depths
 50960 | Depths:1 | Found a gateway to Hell.
 51109 | Depths:1 | Found Tufe's Armour Boutique.
 51175 | Depths:1 | Found Finirip's Jewellery Shoppe.
 51175 | Depths:1 | Found Ihamo's Book Shop.
 51176 | Depths:1 | Found Maixoc's Jewellery Shoppe.
 51465 | Depths:1 | Found a one-way gate leading to the halls of Pandemonium.
 52689 | Depths:2 | Identified the ring of the Circus Animal {Ice Will++ Int-2
                  | Slay+4 SInv}
 52689 | Depths:2 | Noticed Josephina
 52700 | Depths:2 | Killed Josephina
 52705 | Depths:2 | Noticed Mara
 52706 | Depths:2 | Killed Mara
 53996 | Depths:3 | Found a hazy altar of Hepliaklqana.
 54016 | Depths:3 | Reached XP level 24. HP: 174/177 MP: 0/0
 54198 | Depths:3 | Found a hide-covered altar of Uskayaw.
 54446 | Depths:3 | Noticed a juggernaut
 54464 | Depths:3 | Killed a juggernaut
 55135 | Depths:3 | Found a one-way gate to the infinite horrors of the Abyss.
 55326 | Depths:3 | Identified the +7 plate armour of the Salmon {rPois rN++
                  | MP+9 Dex-5}
 55502 | Depths:4 | Entered Level 4 of the Depths
 55744 | Depths:4 | Found a one-way gateway to a ziggurat.
 55763 | Depths:4 | Noticed a caustic shrike
 55770 | Depths:4 | Killed a caustic shrike
 55791 | Depths:4 | Noticed a caustic shrike
 55791 | Depths:4 | Noticed a caustic shrike
 55854 | Depths:4 | Noticed a caustic shrike
 55855 | Depths:4 | Noticed a caustic shrike
 55856 | Depths:4 | Noticed a caustic shrike
 55860 | Depths:4 | Killed a caustic shrike
 55865 | Depths:4 | Killed a caustic shrike
 55871 | Depths:4 | Killed a caustic shrike
 55872 | Depths:4 | Killed a caustic shrike
 56072 | Depths:4 | Noticed a juggernaut
 56216 | Depths:4 | Noticed a caustic shrike
 56229 | Depths:4 | Killed a caustic shrike
 56237 | Depths:4 | Noticed a caustic shrike
 56239 | Depths:4 | Noticed a caustic shrike
 56243 | Depths:4 | Noticed a caustic shrike
 56243 | Depths:4 | Killed a caustic shrike
 56366 | Depths:4 | Killed a caustic shrike
 56519 | Depths:4 | Killed a caustic shrike
 56557 | Depths:4 | Killed a juggernaut
 56753 | Depths:4 | Noticed a juggernaut
 56763 | Depths:4 | Killed a juggernaut
 56764 | Depths:4 | Reached XP level 25. HP: 178/187 MP: 0/0
 56764 | Depths:4 | Learned a level 8 spell: Ignition
 56802 | Depths:4 | Found a gate to the Realm of Zot.
 57175 | Depths:4 | Killed a caustic shrike
 57314 | Depths:4 | Noticed a juggernaut
 57332 | Depths:4 | Killed a juggernaut
 57962 | Vaults:5 | Entered Level 5 of the Vaults
 58452 | Vaults:5 | Identified the +1 pair of gloves of Jungianec {rF- rC+ rN+
                  | Str+3}
 58643 | Vaults:5 | Identified the ring of Zuts {rF+ Str+6 Dex+2}
 58674 | Vaults:5 | Identified the +7 scimitar of Pidiudgheqi {freeze, rCorr
                  | SInv}
 58798 | Vaults:5 | Noticed a dread lich
 58805 | Vaults:5 | Reached XP level 26. HP: 80/197 MP: 0/0
 58808 | Vaults:5 | Killed a dread lich
 59071 | Vaults:5 | Identified the ring "Simnomy" {rF+ rC- Will+ MP+9 Str+4}
 59391 | Vaults:5 | Noticed a dread lich
 59395 | Vaults:5 | Killed a dread lich
 59803 | Vaults:5 | Got a silver rune of Zot
 59925 | Vaults:5 | Noticed Sojobo
 59931 | Vaults:5 | Killed Sojobo
 60217 | Vaults:5 | Identified the staff of death "Oliseble" {rC+ rN+ rCorr
                  | Int+2}
 60684 | Depths:1 | Bought the ring of Imor {Contam rF+++ Will+ Int+6 Stlth+}
                  | for 1228 gold pieces
 60855 | Crypt:1  | Entered Level 1 of the Crypt
 62774 | Crypt:2  | Identified the +6 scale mail "Miun" {Contam Harm rPois
                  | Int+3}
 62932 | Crypt:3  | Entered Level 3 of the Crypt
 63300 | Crypt:3  | Reached XP level 27. HP: 191/205 MP: 0/0
 63300 | Crypt:3  | Learned a level 9 spell: Shatter
 63767 | Crypt:3  | Noticed a dread lich
 63769 | Crypt:3  | Killed a dread lich
 63775 | Crypt:3  | Noticed a dread lich
 63780 | Crypt:3  | Killed a dread lich
 63781 | Crypt:3  | Reached skill level 27 in Fire Magic
 63946 | Crypt:3  | Found a staircase to the Tomb.
 64157 | Crypt:3  | Identified the amulet of Existentialism {Faith *Slow rF+
                  | Str+3 Dex+3}
 64833 | Zig:1    | Entered Level 1 of a ziggurat
 64855 | Zig:2    | Entered Level 2 of a ziggurat
 64855 | Zig:2    | Noticed a Killer Klown
 64857 | Zig:2    | Killed a Killer Klown
 64879 | Zig:3    | Entered Level 3 of a ziggurat
 64879 | Zig:3    | Noticed Tifitt the pandemonium lord
 64882 | Zig:3    | Killed Tifitt the pandemonium lord
 64911 | Zig:3    | Identified the +0 ring mail "Etzunitz" {Int+3}
 64914 | Zig:4    | Entered Level 4 of a ziggurat
 64930 | Zig:4    | Identified the +2 chain mail of the Solemn God {rElec Will+
                  | Int-4}
 64934 | Zig:5    | Entered Level 5 of a ziggurat
 64996 | Zig:6    | Entered Level 6 of a ziggurat
 65033 | Zig:6    | Identified the staff of conjuration "Rizihuem" {rF+ Dex+4}
 65062 | Zig:7    | Entered Level 7 of a ziggurat
 65104 | Zig:7    | Identified the +8 plate armour "Yluxo" {rElec rF+ Stlth+}
 65123 | Zig:8    | Entered Level 8 of a ziggurat
 65171 | Zig:9    | Entered Level 9 of a ziggurat
 65248 | Zig:9    | Identified the +0 ring mail of the Grey Skies {+Blink SInv}
 65262 | Zig:10   | Entered Level 10 of a ziggurat
 65267 | Zig:10   | Noticed Xavuijagg the pandemonium lord
 65270 | Zig:10   | Killed Xavuijagg the pandemonium lord
 65445 | Zig:11   | Entered Level 11 of a ziggurat
 65536 | Zig:11   | Identified the +4 sling of the Foremost Blessings {elec,
                  | rN++ Str-4 Int+3 Dex+3}
 65556 | Zig:12   | Entered Level 12 of a ziggurat
 65565 | Zig:12   | Noticed a Killer Klown
 65565 | Zig:12   | Noticed Ceor the pandemonium lord
 65566 | Zig:12   | Noticed Cythrob the pandemonium lord
 65566 | Zig:12   | Noticed Emupleh the pandemonium lord
 65567 | Zig:12   | Noticed Jijonoep the pandemonium lord
 65567 | Zig:12   | Noticed a Killer Klown
 65569 | Zig:12   | Killed Jijonoep the pandemonium lord
 65572 | Zig:12   | Killed a Killer Klown
 65572 | Zig:12   | Killed Ceor the pandemonium lord
 65572 | Zig:12   | Killed Emupleh the pandemonium lord
 65573 | Zig:12   | Killed a Killer Klown
 65573 | Zig:12   | Noticed Adoido the pandemonium lord
 65578 | Zig:12   | Killed Cythrob the pandemonium lord
 65579 | Zig:12   | Reached skill level 27 in Spellcasting
 65579 | Zig:12   | Reached skill level 27 in Conjurations
 65579 | Zig:12   | Reached skill level 27 in Hexes
 65579 | Zig:12   | Reached skill level 27 in Summonings
 65579 | Zig:12   | Reached skill level 27 in Translocations
 65579 | Zig:12   | Reached skill level 27 in Transmutations
 65579 | Zig:12   | Reached skill level 27 in Ice Magic
 65579 | Zig:12   | Reached skill level 27 in Air Magic
 65579 | Zig:12   | Reached skill level 27 in Earth Magic
 65579 | Zig:12   | Reached skill level 27 in Poison Magic
 65579 | Zig:12   | Killed Adoido the pandemonium lord
 65666 | Zig:12   | Identified the ring "Zaikuowo" {rC+ Int+6 SInv}
 65713 | Zot:1    | Entered Level 1 of the Realm of Zot
 65741 | Zot:1    | Identified the +2 robe of Filth {rCorr}
 66293 | Zot:1    | You are sucked into a shaft and drop 1 floor!
 66293 | Zot:2    | Noticed Parghit
 66302 | Zot:2    | Killed Parghit
 67366 | Zot:2    | Found the +5 Storm Queen's Shield {shock, Fly rElec}
 68573 | Zot:3    | Noticed a juggernaut
 68576 | Zot:3    | Killed a juggernaut
 68828 | Zot:3    | Reached skill level 15 in Shields
 70315 | Zot:4    | Noticed a Killer Klown
 70318 | Zot:4    | Killed a Killer Klown
 71735 | Zot:5    | Entered Level 5 of the Realm of Zot
 71736 | Zot:5    | Noticed a dread lich
 71738 | Zot:5    | Killed a dread lich
 71741 | Zot:5    | Noticed a Killer Klown
 71748 | Zot:5    | Noticed a Killer Klown
 71750 | Zot:5    | Killed a Killer Klown
 71750 | Zot:5    | Killed a Killer Klown
 71750 | Zot:5    | Noticed an orb of fire
 71751 | Zot:5    | Killed an orb of fire
 71751 | Zot:5    | Noticed a Killer Klown
 71751 | Zot:5    | Noticed a dread lich
 71753 | Zot:5    | Killed a dread lich
 71753 | Zot:5    | Noticed a Killer Klown
 71755 | Zot:5    | Killed a Killer Klown
 71763 | Zot:5    | Killed a Killer Klown
 71763 | Zot:5    | Noticed a dread lich
 72710 | Zot:5    | Noticed an ancient lich
 72713 | Zot:5    | Killed an ancient lich
 72763 | Zot:5    | Killed a dread lich
 72764 | Zot:5    | Reached skill level 27 in Invocations
 72924 | Zot:5    | Noticed an orb of fire
 72927 | Zot:5    | Noticed a Killer Klown
 72928 | Zot:5    | Killed an orb of fire
 72929 | Zot:5    | Noticed a Killer Klown
 72930 | Zot:5    | Killed a Killer Klown
 72932 | Zot:5    | Killed a Killer Klown
 73028 | Zot:5    | Noticed a Killer Klown
 73028 | Zot:5    | Noticed a Killer Klown
 73031 | Zot:5    | Killed a Killer Klown
 73032 | Zot:5    | Killed a Killer Klown
 73067 | Zot:5    | Noticed an ancient lich
 73069 | Zot:5    | Killed an ancient lich
 73071 | Zot:5    | Noticed a Killer Klown
 73073 | Zot:5    | Killed a Killer Klown
 73373 | Zot:5    | Noticed an ancient lich
 73377 | Zot:5    | Killed an ancient lich
 74268 | Zot:5    | Got the Orb of Zot
 74495 | D:11     | Noticed Hihuobis the pandemonium lord
 74550 | D:9      | Noticed Meweni the pandemonium lord
 74646 | D:6      | Noticed Werphieph the pandemonium lord
 74646 | D:6      | Noticed an ancient lich
 74748 | D:$      | Escaped with the Orb!

Illustrated notes

Levels and vault maps discovered:
D:1:      dpeg_arrival_leaves_temple_mockup, layout_loops_ring,
          hellmonk_ecumenical_altar_pennies_from_heaven, serial_shops,
          nicolae_square_shop, nicolae_shop_overgrown_old_shop,
          nicolae_shop_rolled_up, minmay_vboxes
D:2:      minmay_recursive_quarters, layout_basic, serial_shops, shop,
          dreamdust_mushroom_princess, corner_web_ring
D:3:      layout_rooms, serial_glass, glass_columns_c, glass_columns_a,
          glass_columns_a, glass_columns_b, glass_columns_c, glass_columns_b
D:4:      layout_loops_cross, uniq_robin
D:5:      layout_basic, mainiacjoe_overflow_surrounded_room,
          nicolae_overflow_squiral, gammafunk_temple_overflow_elements,
          serial_shops, shop, uniq_grinder
D:6:      layout_basic
D:7:      layout_basic, mainiacjoe_overflow_cross_hatched,
          minmay_temple_entry_ruins, uniq_maggie
D:8:      layout_basic, serial_shops, shop
D:9:      layout_basic
D:10:     nicolae_moon_pools, layout_small_grid, grunt_gozag_breadcrumbs,
          serial_ice, serial_ice_a, serial_ice_k, serial_ice_o, serial_ice_n,
          serial_ice_g, serial_ice_m, serial_ice_h, serial_ice_b,
          hangedman_minor_magic
D:11:     layout_roguey, minmay_lair_entry_grove, wad_hexagon
D:12:     layout_layer_cave, david_orc_2, gauntlet_entry_generic
D:13:     layout_gridville, erik_vaults_2, uniq_kirke
D:14:     layout_basic, elyvilon_altar_3
D:15:     gammafunk_depths_entry_grave, layout_cave_pods,
          grunt_dithmenos_smoke_and_mirrors, roderic_serpentine_path,
          minmay_rotating_lava
Temple:   nicolae_temple_superstar
Lair:1:   beast_lair_carwin_large_4, layout_chaotic_city, grunt_megastairs_5,
          serial_bayou_shore_a
Lair:2:   layout_small_grid, minmay_swamp_entry_worms,
          nicolae_snake_entry_squirm, lemuel_fruit_tree
Lair:3:   layout_roguey, gammafunk_ghost_wrathful_warriors, serial_bayou_pond_a,
          fungi_pond_lemuel, chequers_serial_rivers_large_b,
          minmay_lair_oklob_items, uniq_fannar
Lair:4:   layout_hall_layers, dpeg_slime_entry_enclosed,
          grunt_forest_stairs_clearing, lemuel_fruit_fields, lemuel_fruit_fields
Lair:5:   hellmonk_lair_end_abyssal_woods, layout_gridlike, st_stairs_13,
          roderic_batcave, lemuel_fruit_fields, uniq_rupert
Swamp:1:  layout_basic_swamp, serial_swamp_ruin, evilmike_swamp_ruin_house_2,
          evilmike_swamp_ruin_wall, evilmike_swamp_ruin_house_4,
          nzn_swamp_dancing_lights
Swamp:2:  layout_basic_swamp, evilmike_swamp_ruin_house_6,
          nicolae_swamp_trees_clearing
Swamp:3:  layout_basic_swamp, evilmike_swamp_ruin_house_3
Swamp:4:  swamp, layout_basic_swamp
Snake:1:  layout_concentric_octagons, serial_bayou_crossing
Snake:2:  layout_layer_cave, basic_altar, uniq_aizul, uniq_vashnia
Snake:3:  layout_chambers, portal_ice_cave_entry_ice_statue_one, basic_altar,
          nicolae_snake_serpentine_bazaar, nicolae_triple_integral
Snake:4:  grunt_snake_rune_serpentine_throne, layout_basic,
          nicolae_snake_salamander_zone, uniq_asterion
Orc:1:    layout_caves
Orc:2:    st_orc_town, layout_caves, basic_altar, hellmonk_bongcloud_opening,
          nicolae_shop_vocational
Elf:1:    layout_loops_corners, nicolae_trove_entry_columns,
          gammafunk_ghost_grave, hangedman_elven_crosses_minicolossus,
          minivault_11
Elf:2:    nicolae_elf_blades_crystal_corner, layout_geoelf_diagonals
Elf:3:    minmay_elf_hall_furrowed, layout_loops_cross
Vaults:1: nicolae_vaults_apartment_2, vaults_room_octagon,
          nicolae_vaults_border_crossing, gammafunk_sealed_arena,
          nicolae_vaults_theta, v_pattern_3, nicolae_vaults_tetromino_L_1,
          v_misc_26, nicolae_vaults_wine_cellar, vaults_room_door_ring,
          nicolae_vaults_double_plus_1, nicolae_vaults_cochlea, v_misc_28,
          layout_vaults_maze_snakey, serial_shops, shop_coins
Vaults:2: nicolae_vaults_storage_closets_3, nicolae_vaults_six-pack,
          ontoclasm_vaults_bender, nicolae_vaults_what_the_h, v_misc_15,
          nicolae_vaults_storage_closets_1, ontoclasm_vaults_tryst,
          nicolae_vaults_variable_pillar_hall, nicolae_vaults_circle_grid_a,
          nicolae_vaults_tetromino_Z_2, nicolae_vaults_theta,
          minmay_crypt_entry_necro_gods, nicolae_vaults_little_squares_5,
          v_misc_4, layout_vaults_omnicross
Vaults:3: nicolae_vaults_stand_back, nicolae_vaults_closet_pinwheel_4,
          hangedman_vaults_stagger, ontoclasm_vaults_twist,
          vaults_room_stairs_pillars, nicolae_vaults_trapezoid_lopsided_3,
          layout_vaults_omnigrid
Vaults:4: nicolae_vaults_doubleplus_tesselated, nicolae_vaults_tetromino_L_1,
          nicolae_vaults_double_plus_3, nicolae_vaults_trapezoid_layered,
          nicolae_vaults_heart-shaped_vault, v_misc_19,
          nicolae_vaults_offset_grid_hallway_3, hangedman_vaults_river_flow,
          vaults_room_large_hall, hangedman_vaults_unwind,
          nicolae_vaults_twisting_passages, ontoclasm_vaults_decontamination,
          v_pattern_2, nicolae_vaults_trapezoid_2, nicolae_vaults_apartment_1,
          layout_vaults_ring, uniq_donald
Vaults:5: serial_shops, uniq_sojobo
Crypt:1:  layout_gridlike, ebering_dispersal_statue_hall,
          roderic_lattice_octagonal_star
Crypt:2:  minmay_shadows, layout_chaotic_city
Crypt:3:  quadcrypt_mu
Depths:1: layout_cross, hell_entry, rand_demon_pan_entry_5,
          serial_hangedman_research, hangedman_research_convocations,
          hangedman_research_geology, hangedman_research_thanatology,
          hangedman_research_metamorphosis, kennysheep_path_1, serial_shops,
          shop, minmay_shop_grove
Depths:2: nicolae_cairo_tiling_large_dashed, layout_cave_pools,
          grunt_hell_entry_dis_old, grunt_pan_entry_spiral,
          serial_co_window_serial, co_window_paths_a, co_window_corner_a,
          co_window_corner_a, co_window_paths_a, co_window_paths_a,
          co_window_paths_c, co_window_corner_b, co_window_2corner,
          co_window_2corner, glass_columns_b, glass_columns_a,
          nicolae_vehumet_radiance, uniq_josephina, uniq_mara
Depths:3: nicolae_hexawheel, layout_gridlike, nicolae_hepliaklqana_hazy_memory,
          abyss_entry_small_statue_room, rand_demon_pan_entry_3, hell_entry,
          chequers_serial_rivers_room_b, eat_drink_and_be_merry_uskayaw
Depths:4: grunt_x_marks_the_spot, layout_gridlike, enter_ziggurat_d,
          hellmouth_1, abyss_entry
Zot:1:    layout_concentric_octagons, bh_zot_lava_cross, grunt_megastairs_4
Zot:2:    layout_gridlike, uniq_parghit
Zot:3:    ebering_greatest_show_in_zot, layout_gridlike, zot_minivault_5
Zot:4:    layout_gridville, grunt_ministairs_11, grunt_megastairs_2
Zot:5:    layout_twisted_circle, grunt_ministairs_13, st_stairs_14,
          skrybe_zot_glass_2

Skill      XL: |  1  2  3  4  5  6  7  8  9 10 11 12 13 14 15 16 17 18 19 20 21 22 23 24 25 26 27 |
---------------+----------------------------------------------------------------------------------+-----
Spellcasting   | 3 4 5 7 9 10 11 12 13 14 15 16 18 19 20 21 22 23 24 27 | 27.0
Conjurations   | 3 4 5 7 9 10 11 12 13 14 15 16 18 19 20 21 22 23 24 27 | 27.0
Hexes          | 3 4 5 7 9 10 11 12 13 14 15 16 18 19 20 21 22 23 24 27 | 27.0
Summonings     | 3 4 5 7 9 10 11 12 13 14 15 16 18 19 20 21 22 23 24 27 | 27.0
Necromancy     | 3 4 5 7 9 10 11 12 14 16 17 18 20 22 25 26 27 | 27.0
Translocations | 3 4 5 7 9 10 11 12 13 14 15 16 18 19 20 21 22 23 24 27 | 27.0
Transmutations | 3 4 5 7 9 10 11 12 13 14 15 16 18 19 20 21 22 23 24 27 | 27.0
Fire Magic     | 3 4 5 7 9 10 11 12 13 14 15 16 18 19 20 21 22 23 24 26 27 | 27.0
Ice Magic      | 3 4 5 7 9 10 11 12 13 14 15 16 18 19 20 21 22 23 24 27 | 27.0
Air Magic      | 3 4 5 7 9 10 11 12 13 14 15 16 18 19 20 21 22 23 24 27 | 27.0
Earth Magic    | 3 4 5 7 9 10 11 12 13 14 15 16 18 19 20 21 22 23 24 27 | 27.0
Poison Magic   | 3 4 5 7 9 10 11 12 13 14 15 16 18 19 20 21 22 23 24 27 | 27.0
Fighting       | 3 4 5 6 8 10 11 12 14 15 16 18 19 20 | 20.6
Evocations     | 2 3 5 7 |  7.8
Dodging        | 5 |  5.0
Invocations    | 1 7 9 10 12 14 15 16 18 20 21 22 23 24 27 | 27.0
Shields        | 3 5 7 10 20 | 20.0
Armour         | 5 |  5.0
Long Blades    | |  2.6

Action                     |  1- 3 |  4- 6 |  7- 9 | 10-12 | 13-15 | 16-18 | 19-21 | 22-24 | 25-27 || total
---------------------------+-------+-------+-------+-------+-------+-------+-------+-------+-------++-------
  Melee: Falchion          |   108 |    52 |       |       |       |       |       |       |       ||   160
         Punch             |     2 |       |       |       |       |       |       |       |       ||     2
         Staff             |       |       |       |     2 |       |     6 |     8 |       |    23 ||    39
  Throw: Dart              |       |       |       |     5 |     8 |       |       |       |       ||    13
   Cast: Hailstorm         |     4 |    34 |    86 |   197 |   392 |   222 |     1 |     7 |       ||   943
         Searing Ray       |       |    12 |    22 |    67 |    82 |    46 |       |       |       ||   229
         Dispel Undead     |       |       |       |     8 |    11 |     8 |     7 |    24 |   113 ||   171
         Malign Gateway    |       |       |       |       |       |    58 |    39 |    77 |    50 ||   224
         Summon Hydra      |       |       |       |       |       |       |   351 |   345 |   163 ||   859
         Haunt             |       |       |       |       |       |       |     1 |     9 |     5 ||    15
         Dragon Form       |       |       |       |       |       |       |       |     1 |       ||     1
         Ignition          |       |       |       |       |       |       |       |       |   159 ||   159
         Shatter           |       |       |       |       |       |       |       |       |   507 ||   507
 Invoke: Upheaval          |       |       |       |     6 |     1 |    22 |       |     4 |     1 ||    34
         Disaster Area     |       |       |       |       |     3 |     3 |     7 |     8 |    15 ||    36
         Elemental Force   |       |       |       |       |     1 |     1 |       |     2 |       ||     4
Ability: End Transformatio |       |       |       |       |       |       |       |     1 |       ||     1
  Evoke: Wand              |       |       |       |    10 |    23 |    17 |     7 |    12 |    37 ||   106
    Use: Scroll            |     3 |     2 |     4 |    10 |     6 |     8 |     8 |     6 |    15 ||    62
         Potion            |       |       |       |     1 |     3 |     1 |     5 |     3 |    28 ||    41
   Stab: Distracted        |       |       |       |       |       |       |       |       |     1 ||     1
 Armour: Leather armour    |    34 |    46 |    26 |   129 |    76 |    26 |       |       |       ||   337
         Ring mail         |       |       |       |       |       |    41 |    47 |    57 |    85 ||   230
         Skin              |       |       |       |       |       |       |       |       |    16 ||    16
  Dodge: Dodged            |    55 |    40 |    23 |   152 |   108 |    86 |    60 |   103 |   160 ||   787
         Repelled          |       |       |       |       |     4 |    24 |     9 |    13 |    17 ||    67
  Block: Other             |       |       |       |    25 |       |       |       |       |       ||    25
         Buckler           |       |       |       |    69 |   150 |       |       |       |       ||   219
         Reflection        |       |       |       |       |    22 |    92 |    36 |    65 |       ||   215
         Kite shield       |       |       |       |       |    99 |   428 |   206 |   230 |   279 ||  1242

Table legend: (Time is in decaauts)
 A = Elapsed time spent in this place.
 B = Non-inter-level travel time spent in this place.
 C = Inter-level travel time spent in this place.
 D = Time resting spent in this place.
 E = Time spent auto-exploring this place.
 F = Levels seen in this place.
 G = Mean time per level.
                   A        B        C        D        E       F      G
               +--------+--------+--------+--------+--------+-----+--------+
         Total |  74859 |  68995 |   5864 |  15180 |  35366 |  64 | 1169.7 |
       Dungeon |  22128 |  19924 |   2204 |   4674 |  11767 |  15 | 1475.2 |
        Temple |     97 |     84 |     13 |      0 |     24 |   1 |   97.0 |
          Lair |   6171 |   5720 |    451 |   1381 |   3430 |   5 | 1234.2 |
         Swamp |   2957 |   2834 |    123 |    159 |   1691 |   4 |  739.2 |
     Snake Pit |   7477 |   7134 |    343 |   1613 |   3229 |   4 | 1869.2 |
  Orcish Mines |   2059 |   1880 |    179 |    319 |   1092 |   2 | 1029.5 |
   Elven Halls |   4182 |   4072 |    110 |    634 |   1887 |   3 | 1394.0 |
        Vaults |   9140 |   8079 |   1061 |   1077 |   4096 |   5 | 1828.0 |
         Crypt |   3709 |   3494 |    215 |    377 |   2270 |   3 | 1236.3 |
        Depths |   7630 |   6889 |    741 |   1846 |   2916 |   4 | 1907.5 |
           Zot |   7771 |   7352 |    419 |   2484 |   2925 |   5 | 1554.2 |
      Ziggurat |    838 |    838 |      0 |    386 |     39 |  12 |   69.8 |
      Ice Cave |    695 |    695 |      0 |    230 |      0 |   1 |  695.0 |
               +--------+--------+--------+--------+--------+-----+--------+

Top non-repeatable levels by time:
Depths:4: 2631 daAuts
 Snake:3: 2533 daAuts
Vaults:5: 2472 daAuts
    D:13: 2438 daAuts
   Zot:5: 2428 daAuts
 Snake:4: 2274 daAuts
    D:15: 2258 daAuts
  Lair:2: 2184 daAuts
Depths:3: 2076 daAuts
    D:12: 1960 daAuts
Vaults:2: 1825 daAuts
    D:11: 1752 daAuts
    D:10: 1689 daAuts
Vaults:4: 1688 daAuts
   Elf:3: 1683 daAuts
